 Dungeon Crawl Stone Soup version 0.23.2-1-ga50397a (webtiles) character file.

Game seed: 3165100291000240080

51 MalarOregon the Ruffian (level 3, 0/31 HPs)
             Began as a Ghoul Gladiator on June 2, 2019.
             Slain by Robin
             ... wielding a +0 short sword
              (4 damage)
             ... on level 2 of the Dungeon.
             The game lasted 00:02:00 (1492 turns).

MalarOregon the Ruffian (Ghoul Gladiator)           Turns: 1492, Time: 00:02:01

Health: 0/31       AC:  2    Str: 17    XL:     3   Next: 81%
Magic:  2/2        EV: 12    Int:  3    God:
Gold:   69         SH:  0    Dex: 11    Spells: 2/2 levels left

rFire    . . .     SeeInvis .     - Unarmed
rCold    + . .     Gourm    .   (no shield)
rNeg     + + +     Faith    .   a - +0 leather armour
rPois    ∞         Spirit   .   b - +0 helmet
rElec    .         Reflect  .   (no cloak)
rCorr    .         Harm     .   (no gloves)
MR       .....                  (no boots)
Stlth    ..........             (no amulet)
HPRegen  0.00/turn              f - ring of attention (curse)
MPRegen  0.08/turn              m - -2 ring of protection (curse)

@: rotting
A: rotting body, claws 1, carnivore, cold resistance 1, negative energy
resistance 3, inhibited regeneration, torment resistance, unbreathing
a: no special abilities


You were on level 2 of the Dungeon.
You were not hungry.

You visited 1 branch of the dungeon, and saw 2 of its levels.

You collected 69 gold pieces.

Inventory:

Missiles
 c - 3 throwing nets (quivered) {!f}
Armour
 a - a +0 leather armour (worn)
 b - a +0 helmet (worn)
Jewellery
 f - a cursed ring of attention (left claw)
   (You found it on level 1 of the Dungeon)
 m - a cursed -2 ring of protection (right claw)
   (You found it on level 2 of the Dungeon)
Scrolls
 d - 3 scrolls of identify {unknown}
 g - a scroll of random uselessness {unknown}
 j - a scroll of teleportation {unknown}
 l - a scroll of fear {unknown}
Potions
 h - 2 potions of mutation {unknown}
 i - a potion of brilliance {unknown}
 n - a potion of degeneration {unknown}
Comestibles
 e - 2 rations {!d}


   Skills:
 * Level 3.1 Fighting
 + Level 2.1 Throwing
 + Level 3.0 Dodging
 * Level 4.0 Unarmed Combat


You had 2 spell levels left.
You didn't know any spells.
Your spell library was empty.

Dungeon Overview and Level Annotations

Branches:
Dungeon (2/15)

Altars:
Okawaru

Annotations:
D:2 Robin, Sigmund


Innate Abilities, Weirdness & Mutations

Your body is rotting away.
You thrive on raw meat.
You are immune to poison.
You have sharp fingernails.
You are carnivorous and can eat meat at any time.
Your flesh is cold resistant. (rC+)
You are immune to negative energy. (rN+++)
You do not regenerate when monsters are visible.
You are immune to unholy pain and torment.
You can survive without breathing.


Message History

You eat one of the 2 chunks of flesh.
This raw flesh tastes great!
The goblin shouts!
You hear a shout! x2
Robin misses you.
A goblin comes into view.
The goblin barely misses you.
Eat a chunk of flesh? (ye/n/q)
You eat the chunk of flesh.
This raw flesh tastes great!
Robin roars a battlecry!
The goblins go into a battle-frenzy!
The goblin closely misses you.
You closely miss the goblin. You miss the goblin.
The goblin closely misses you.
You barely miss the goblin. The goblin hits you but does no damage.
Robin roars a battlecry!
You scratch the goblin.
You kill the goblin!
Robin misses you. Robin throws the goblin at you!
A goblin comes into view.
Things that are here:
a +0 club; a +0 plate armour; a goblin corpse You butcher the goblin corpse.
The goblin barely misses you.
Items here: % ) [ ÷ a +0 club; a +0 plate armour; a chunk of flesh; a goblin skeleton There isn't anything to butcher here.
Eat a chunk of flesh? (ye/n/q)
You eat the chunk of flesh.
This raw flesh tastes great!
The goblin hits you. Robin throws the goblin at you!
* * * LOW HITPOINT WARNING * * *
You scratch the goblin. The goblin hits you.
* * * LOW HITPOINT WARNING * * *
The goblin closely misses you. Robin hits you but does no damage.
You scratch the goblin. Your claw misses the goblin.
The goblin barely misses you. The goblin hits you.
* * * LOW HITPOINT WARNING * * *
You scratch the goblin.
You kill the goblin!
Your Dodging skill increases to level 3!
The goblin barely misses you.
Robin points. "Kill!"
Robin throws the goblin at you!
You barely miss the goblin. The goblin closely misses you. Robin misses you.
The goblin hits you.
* * * LOW HITPOINT WARNING * * *
You scratch the goblin.
You kill the goblin!
The goblin hits you.
* * * LOW HITPOINT WARNING * * *
Robin hits you with a +0 short sword.
You die...

. .g. #.# #.# # #.#
#.####.# # #g#
#...(..# # #g#
######.. #.# #.#
######g##### #.#
#...÷..g.g.#
######### #..
#.####%###.#
#g$.....# #..
##...##.# #@#####.#
#.. #.....#.## #g#
#.# #.#
##$..#...###.#####.#
#.#
##.##..gg†.....##.#
#..
#.##...###.##.##.#
###
#.######.........# #
#+# #.###..#### # #.
#..# # #.###..# ###


You could see Robin and a goblin.

Vanquished Creatures
  An adder (D:2)
  A worm (D:2)
  A dart slug (D:1)
  10 goblins
  4 hobgoblins
  5 jackals (D:1)
  A quokka (D:2)
  A bat (D:1)
  5 frilled lizards (D:1)
  2 kobolds
  5 rats
36 creatures vanquished.

Notes
Turn   | Place    | Note
-------+----------+-------------------------------------------
     0 | D:1      | MalarOregon the Ghoul Gladiator began the quest for the
                  | Orb.
     0 | D:1      | Reached XP level 1. HP: 17/17 MP: 0/0
    52 | D:1      | Reached XP level 2. HP: 14/25 MP: 1/1
   249 | D:1      | Found an iron altar of Okawaru.
   877 | D:2      | Noticed Sigmund
  1017 | D:2      | Reached XP level 3. HP: 29/29 MP: 2/2
  1439 | D:2      | Reached skill level 4 in Unarmed Combat
  1446 | D:2      | Noticed Robin
  1492 | D:2      | Slain by Robin

Skill      XL: |  1  2  3 |
---------------+----------+-----
Throwing       | 2 |  2.1
Fighting       | 3 |  3.1
Unarmed Combat | 4 |  4.0
Dodging        | 3 |  3.0

Action                   || total
-------------------------++-------
Melee: Unarmed           ||    99
       Punch             ||     2
  Eat: Chunk             ||    14
Armor: Leather armour    ||    24
Dodge: Dodged            ||    63
